 Dungeon Crawl Stone Soup version 0.27-a0-824-gca8104f8d5 (webtiles) character file.

Game seed: 15217780056948899542

9 EnegeticOcto the Ruffian (level 2, -5/27 HPs)
             Began as a Troll Warper on Mar 30, 2021.
             Slain by a scorpion (10 damage)
             ... on level 4 of the Dungeon.
             The game lasted 00:01:03 (246 turns).

EnegeticOcto the Ruffian (Troll Warper)              Turns: 246, Time: 00:01:03

Health: -5/27      AC:  4    Str: 18    XL:     2   Next: 3%
Magic:  2/2        EV:  7    Int:  9    God:
Gold:   27         SH:  6    Dex:  9    Spells: 3/3 levels left

rFire    . . .     SeeInvis .     - Unarmed
rCold    . . .     Faith    .   g - +0 kite shield
rNeg     . . .     Spirit   .   a - +0 robe
rPois    .         Reflect  .   (helmet restricted)
rElec    .         Harm     .   (no cloak)
rCorr    .         Rampage  .   (gloves unavailable)
Will     .....                  (boots unavailable)
Stlth    +.........             (no amulet)
HPRegen  1.09/turn              (no ring)
MPRegen  0.08/turn              (no ring)

@: lethally poisoned (-5 -> -7)
A: large, unfitting armour, claws 3, regeneration 1, shaggy fur 1, tough skin 1
a: no special abilities


You were on level 4 of the Dungeon.
You visited 1 branch of the dungeon, and saw 4 of its levels.

You collected 27 gold pieces.

Inventory:

Missiles
 d - 5 boomerangs of dispersal (quivered)
Armour
 a - a +0 robe (worn)
 g - a +0 kite shield (worn)
   (You found it on level 2 of the Dungeon)
Jewellery
 h - a ring of protection from fire
   (You found it on level 2 of the Dungeon)
Scrolls
 b - a scroll of enchant weapon {unknown}
 c - 2 scrolls of blinking {@r4}
 e - a scroll of amnesia {unknown}
 f - a scroll of acquirement {unknown}


   Skills:
 - Level 1.6 Fighting
 - Level 0.8 Throwing
 - Level 1.9 Dodging
 + Level 0.4 Shields
 * Level 2.5 Unarmed Combat
 - Level 1.2 Spellcasting
 - Level 2.1 Translocations


You had 3 spell levels left.
You didn't know any spells.
Your spell library contained the following spells:

 Spells                   Type           Power      Damage    Failure   Level
 Blink                    Tloc           N/A        N/A       80%         2
 Gell's Gravitas          Tloc           2%         N/A       95%         3
 Lesser Beckoning         Tloc           2%         N/A       95%         3
 Teleport Other           Tloc           4%         N/A       95%         3
 Manifold Assault         Tloc           4%         N/A       100%        5


Dungeon Overview and Level Annotations

Branches:
Dungeon (4/15)
 Temple: D:4-7

Altars:


Innate Abilities, Weirdness & Mutations

You are too large for most types of armour.
You have claws for hands.
Your natural rate of healing is unusually fast.
You are covered in fur. (AC +1)
You have tough skin. (AC +1)


Message History

The kobold shouts!
A giant cockroach comes into view.
Found 10 gold pieces.
You closely miss the kobold. You block the kobold's attack.
You scratch the kobold but do no damage.
The kobold hits you with a +0 short sword.
An endoplasm comes into view.
You scratch the kobold but do no damage.
The kobold hits you but does no damage.
A worm comes into view.
You scratch the kobold.
You kill the kobold!
You block the giant cockroach's attack.
You closely miss the giant cockroach.
The giant cockroach bites you but does no damage.
You scratch the giant cockroach.
The giant cockroach is almost dead.
You block the giant cockroach's attack. The giant cockroach bites you.
You closely miss the giant cockroach.
The giant cockroach is almost dead.
You block the giant cockroach's attack.
You closely miss the giant cockroach.
The giant cockroach is almost dead.
The giant cockroach bites you but does no damage.
You block the giant cockroach's attack.
You scratch the giant cockroach but do no damage.
The giant cockroach is almost dead.
The giant cockroach bites you.
The giant cockroach bites you but does no damage.
You scratch the giant cockroach.
You kill the giant cockroach!
You scratch the endoplasm.
The endoplasm is severely wounded.
The endoplasm hits you but does no damage.
The endoplasm hits you.
You claw the endoplasm!
You kill the endoplasm!
You scratch the worm.
The worm is moderately wounded.
The worm barely misses you.
You barely miss the worm.
The worm is moderately wounded.
You scratch the worm.
The worm is moderately wounded.
You block the worm's attack.
You claw the worm!
The worm is severely wounded.
The worm bites you!
You are too injured to fight recklessly!
You are too injured to fight recklessly!
You are too injured to fight recklessly!
You are too injured to fight recklessly!
You are too injured to fight recklessly!
You are too injured to fight recklessly!
You claw the worm!
You kill the worm!
You have reached level 2!
Things that are here:
a +0 short sword; a giant cockroach corpse You see here a worm corpse.
You now have 27 gold pieces (gained 10).
(D) Dungeon
Where to? (Enter - D:3, ? - help)
There is a stone staircase leading down here.
You climb downwards.
There is a stone staircase leading up here.
Found 21 bolts.
A scorpion comes into view.
The scorpion stings you.
You closely miss the scorpion. The scorpion stings you.
You are too injured to fight recklessly!
You are too injured to fight recklessly!
You are too injured to fight recklessly!
You are too injured to fight recklessly!
You are too injured to fight recklessly!
You are too injured to fight recklessly!
You are too injured to fight recklessly!
You are too injured to fight recklessly!
You are too injured to fight recklessly!
You are too injured to fight recklessly!
You are too injured to fight recklessly!
You are too injured to fight recklessly!
You are too injured to fight recklessly!
You scratch the scorpion.
The scorpion is lightly wounded.
The scorpion stings you.
You are poisoned.
The scorpion poisons you!
The scorpion stings you but does no damage.
You barely miss the scorpion.
The scorpion is lightly wounded.
You feel very sick. The scorpion completely misses you.
You scratch the scorpion but do no damage.
The scorpion is lightly wounded.
You feel very sick. The scorpion stings you.
* * * LOW HITPOINT WARNING * * *
The scorpion stings you!
You die...

###+## .....#
.....+ .....#
.....#
##########s....#
#........@.....#
#.#########.####
#.........# ..
#########.######
#.......#
#..####.# #..#
#.# #.(# #.#
#..# #.#


You could see a scorpion.

Vanquished Creatures
  A worm (D:3)
  2 endoplasms
  A giant cockroach (D:3)
  A ball python (D:1)
  A kobold (D:3)
6 creatures vanquished.

Notes
Turn   | Place    | Note
-------+----------+-------------------------------------------
     0 | D:1      | EnegeticOcto the Troll Warper began the quest for the Orb.
     0 | D:1      | Reached XP level 1. HP: 19/19 MP: 1/1
   169 | D:3      | Reached XP level 2. HP: 19/27 MP: 2/2
   240 | D:4      | Noticed a scorpion
   246 | D:4      | Slain by a scorpion

Illustrated notes

Levels and vault maps discovered:
D:1:      elethiomel_arrival_maze, layout_rooms, serial_shops,
          nicolae_shop_behind_doors
D:2:      layout_basic, serial_shops, shop
D:3:      layout_loops_ring, nemelex_xobeh_ov_fountains_minmay,
          minmay_misc_feat_cross, hex_medium, uniq_terence, uniq_ijyb
D:4:      layout_basic, minmay_temple_entry_purple_smoke, serial_undead,
          serial_undead_a, serial_undead_b, serial_undead_b, serial_undead_e,
          bloody_trog

Action                   || total
-------------------------++-------
Melee: Unarmed           ||    26
Armor: Robe              ||     8
Dodge: Dodged            ||     4
Block: Kite shield       ||     6

Table legend: (Time is in decaauts)
 A = Elapsed time spent in this place.
 B = Non-inter-level travel time spent in this place.
 C = Inter-level travel time spent in this place.
 D = Time resting spent in this place.
 E = Time spent auto-exploring this place.
 F = Levels seen in this place.
 G = Mean time per level.
                   A        B        C        D        E       F      G
               +--------+--------+--------+--------+--------+-----+--------+
         Total |    250 |    232 |     18 |      0 |      9 |   4 |   62.5 |
       Dungeon |    250 |    232 |     18 |      0 |      9 |   4 |   62.5 |
               +--------+--------+--------+--------+--------+-----+--------+

Top non-repeatable levels by time:
     D:2: 71 daAuts
     D:1: 61 daAuts
     D:4: 60 daAuts
     D:3: 56 daAuts
